 Dungeon Crawl Stone Soup version 0.27-a0-54-g64bdb92e38 (webtiles) character file.

Game seed: 4504497619850931456

79 robertstho the Bolt Thrower (level 4, -3/27 HPs)
             Began as a Kobold Hunter on Jan 7, 2021.
             Slain by a gnoll
             ... wielding a +0 halberd
              (11 damage)
             ... on level 3 of the Dungeon.
             The game lasted 00:02:20 (2520 turns).

robertstho the Bolt Thrower (Kobold Hunter)         Turns: 2520, Time: 00:02:21

Health: -3/27      AC: 12    Str: 10    XL:     4   Next: 64%
Magic:  4/4        EV:  7    Int: 18    God:
Gold:   152        SH:  0    Dex: 15    Spells: 3/3 levels left

rFire    . . .     SeeInvis .   a - +1 hand crossbow
rCold    . . .     Faith    .   (shield restricted)
rNeg     . . .     Spirit   .   f - +0 chain mail
rPois    .         Reflect  .   (no helmet)
rElec    .         Harm     .   (no cloak)
rCorr    .         Rampage  .   (no gloves)
Will     .....                  q - -1 pair of boots (curse)
Stlth    ..........             (no amulet)
HPRegen  0.09/turn              i - +4 ring of protection
MPRegen  0.09/turn              j - +6 ring of intelligence

@: no status effects
A: small, nightstalker 3
a: no special abilities


You were on level 3 of the Dungeon.
You visited 1 branch of the dungeon, and saw 3 of its levels.

You collected 152 gold pieces.

Inventory:

Hand Weapons
 a - a +1 hand crossbow (weapon)
 b - a +0 short sword
Missiles
 d - 78 bolts (quivered ammo)
Armour
 f - a +0 chain mail (worn)
 q - a cursed -1 pair of boots (worn)
Jewellery
 i - a +4 ring of protection (left hand)
 j - a +6 ring of intelligence (right hand)
Scrolls
 c - a scroll of identify
 e - 5 scrolls of remove curse
 g - a scroll of fear {unknown}
 h - a scroll of enchant weapon {unknown}
 m - a scroll of random uselessness {unknown}
 n - 2 scrolls of enchant armour {unknown}
 o - 2 scrolls of teleportation {unknown}
 p - a scroll of magic mapping {unknown}
Potions
 k - a potion of cancellation
 l - a potion of flight
 r - a potion of heal wounds {unknown}


   Skills:
 + Level 2.7 Fighting
 + Level 6.4 Crossbows
 + Level 0.2 Armour
 + Level 2.8 Dodging
 + Level 1.3 Stealth


You had 3 spell levels left.
You didn't know any spells.
Your spell library was empty.

Dungeon Overview and Level Annotations

Branches:
Dungeon (3/15)

Altars:
Kikubaaqudgha
Vehumet


Innate Abilities, Weirdness & Mutations

You are small and have problems with some larger weapons.
You are completely attuned to the shadows.


Message History

The gnoll barely misses you.
Fire: 81 bolts
Press: ? - help, Q - select action Shift-Dir - straight line, f/p - gnoll
Aim: a gnoll, wielding a +0 halberd (severely wounded)
You shoot a bolt.
The bolt hits the gnoll but does no damage.
The gnoll is severely wounded.
The gnoll hits you but does no damage.
Fire: 80 bolts
Press: ? - help, Q - select action Shift-Dir - straight line, f/p - gnoll
Aim: a gnoll, wielding a +0 halberd (severely wounded)
You shoot a bolt. The bolt closely misses the gnoll.
The gnoll hits you but does no damage.
Unknown command.
Fire: 79 bolts
Press: ? - help, Q - select action Shift-Dir - straight line, f/p - gnoll
Aim: a gnoll, wielding a +0 halberd (severely wounded)
You shoot a bolt. The bolt barely misses the gnoll.
The gnoll hits you from afar with a +0 halberd!
You die...

#.......#.#...#....#..#....#..#
###............##.......#......##
..........#.#....(......##.......
....#####.....####...########..##
....# ###### ...... .....)..
#.#.#############################
....#..........#.................
#.#.#.########.#.################
....#.# #.#@# ....#.# #.#(#
....#.# #.#g# ....#.#### #.#(#
.........# #.#(#....( .........#
#.#.#............ ..^......#
#.#.#............ .........#
#.#.#.(..........
.#....########'#'#............


You could see a gnoll.

Vanquished Creatures
  3 gnolls (D:3)
  A worm (D:2)
  5 dart slugs
  A leopard gecko (D:1)
  2 bats
  3 giant cockroaches (D:1)
  7 goblins
  3 hobgoblins
  2 jackals (D:1)
  A quokka (D:2)
  2 frilled lizards
  A kobold (D:1)
  4 rats
35 creatures vanquished.

Notes
Turn   | Place    | Note
-------+----------+-------------------------------------------
     0 | D:1      | robertstho the Kobold Hunter began the quest for the Orb.
     0 | D:1      | Reached XP level 1. HP: 12/12 MP: 1/1
   125 | D:1      | Reached skill level 5 in Crossbows
   125 | D:1      | Reached XP level 2. HP: 18/18 MP: 2/2
   451 | D:1      | Reached XP level 3. HP: 22/22 MP: 3/3
  1044 | D:2      | Found a radiant altar of Vehumet.
  2017 | D:3      | Found an ancient bone altar of Kikubaaqudgha.
  2021 | D:3      | HP: 1/22 [gnoll/+0 halberd (12)]
  2398 | D:3      | Reached XP level 4. HP: 27/27 MP: 4/4
  2494 | D:3      | Reached skill level 6 in Crossbows
  2520 | D:3      | Slain by a gnoll

Illustrated notes

Levels and vault maps discovered:
D:1:      evilmike_arrival_rings, layout_loops_cross
D:2:      layout_basic, lemuel_doored_altar, corexii_leaking_fountain
D:3:      layout_basic, grunt_temple_overflow_open, serial_glass,
          glass_columns_a, glass_columns_a, glass_columns_b, glass_columns_a,
          glass_columns_c, glass_columns_c, kennysheep_generic_room_15

Skill      XL: |  1  2  3  4 |
---------------+-------------+-----
Crossbows      | 5 6 |  6.4
Fighting       | |  2.7
Armour         | |  0.2
Dodging        | |  2.8
Stealth        | |  1.3

Action                   |  1- 3 |  4- 6 || total
-------------------------+-------+-------++-------
 Fire: Hand crossbow     |    85 |    29 ||   114
  Use: Scroll            |     5 |       ||     5
Armor: Chain mail        |    18 |     9 ||    27
       Leather armour    |     1 |       ||     1
Dodge: Dodged            |    18 |     9 ||    27

Table legend: (Time is in decaauts)
 A = Elapsed time spent in this place.
 B = Non-inter-level travel time spent in this place.
 C = Inter-level travel time spent in this place.
 D = Time resting spent in this place.
 E = Time spent auto-exploring this place.
 F = Levels seen in this place.
 G = Mean time per level.
                   A        B        C        D        E       F      G
               +--------+--------+--------+--------+--------+-----+--------+
         Total |   2544 |   2428 |    116 |    253 |   1881 |   3 |  848.0 |
       Dungeon |   2544 |   2428 |    116 |    253 |   1881 |   3 |  848.0 |
               +--------+--------+--------+--------+--------+-----+--------+

Top non-repeatable levels by time:
     D:2: 1294 daAuts
     D:1: 847 daAuts
     D:3: 403 daAuts
